 Dungeon Crawl Stone Soup version 0.19-a0-979-g9f96267 (webtiles) character file.

9652 Arkorax the Cleaver (level 11, -13/133 HPs)
             Began as a Demonspawn Berserker on July 14, 2016.
             Was an Elder of Trog.
             Mangled by a red ugly thing (15 damage)
             ... on level 11 of the Dungeon.
             The game lasted 00:09:27 (9133 turns).

Arkorax the Cleaver (Demonspawn Berserker)          Turns: 9133, Time: 00:09:28

Health: -13/133    AC: 17    Str: 26    XL:     11   Next: 25%
Magic:  11/11      EV:  8    Int:  9    God:    Trog [****..]
Gold:   454        SH:  0    Dex: 12    Spells: 0 memorised, 10 levels left

rFire  . . .     SeeInvis .     O - +0 battleaxe
rCold  . . .     Gourm    .     D - +0 plate armour
rNeg   . . .     Faith    .     (shield currently unavailable)
rPois  .         Spirit   .     (helmet restricted)
rElec  .         Dismiss  .     C - +1 cloak
rCorr  .         Reflect  .     (no gloves)
SustAt .         Harm     .     (no boots)
MR     ++...                    s - amulet of rage
Stlth  ..........               q - ring of stealth
                                e - ring of flight

@: berserking, regenerating, very quick, very resistant to hostile enchantments,
extremely unstealthy
A: horns 1, molten scales 1, nightstalker 2, powered by death 3, wild magic 1
a: Berserk, Trog's Hand, Brothers in Arms, Burn Spellbooks, Renounce Religion,
Evoke Berserk Rage, Evoke Flight


You were on level 11 of the Dungeon.
You worshipped Trog.
Trog was greatly pleased with you.
You were very hungry.

You visited 1 branch of the dungeon, and saw 10 of its levels.

You collected 454 gold pieces.

Inventory:

Hand Weapons
 r - a +1 whip of venom
 O - a +0 battleaxe (weapon)
Armour
 d - a +0 helmet
 C - a +1 cloak (worn)
 D - a +0 plate armour (worn)
Jewellery
 e - a ring of flight (left hand)
 i - an uncursed ring of magical power {unknown}
 q - a ring of stealth (right hand)
 s - an amulet of rage (around neck)
Wands
 a - a wand of enslavement (8/24)
 j - a wand of flame (26/48)
 x - a wand of teleportation (3/9)
 H - a wand of random effects (22/48)
 I - a wand of slowing (35/48)
 L - a wand of confusion (30/48)
Scrolls
 b - 2 scrolls of blinking
 f - 2 scrolls of immolation
 g - 5 scrolls of remove curse
 h - 3 scrolls of enchant armour
 k - 3 scrolls of random uselessness
 l - 3 scrolls of enchant weapon
 o - 3 scrolls of identify
 p - a scroll of recharging {unknown}
 t - 2 scrolls of teleportation
 y - a scroll of fog
 B - a scroll of fear {unknown}
Potions
 m - a potion of mutation
 u - a potion of ambrosia
 w - a potion of cure mutation {unknown}
 z - a potion of degeneration {unknown}
 E - 2 potions of brilliance {unknown}
 F - 3 potions of lignification
 G - a potion of heal wounds {unknown}
 J - 3 potions of resistance
 K - 2 potions of cancellation {unknown}
 M - a potion of magic {unknown}
 N - 3 potions of curing {unknown}
Comestibles
 c - a bread ration
 n - 5 meat rations
 v - 2 beef jerkies
 A - 3 slices of pizza
 P - a fruit


   Skills:
 + Level 9.5 Fighting
 * Level 11.6 Axes
 + Level 8.3 Armour
 - Level 1.7 Dodging


You had 10 spell levels left.
You didn't know any spells.

Dungeon Overview and Level Annotations

Branches:
Dungeon (9/15)             Temple (0/1) D:5            Lair (0/6) D:9
    Orc (0/2) D:11

Altars:
Elyvilon
Gozag
Hepliaklqana
Makhleb
Nemelex Xobeh


Innate Abilities, Weirdness & Mutations

You have a pair of small horns on your head.
You are partially covered in molten scales. (AC +1)
You are significantly more attuned to the shadows.
You regenerate a lot of health from kills.
Your spells are a little harder to cast, but a little more powerful.


Message History

You feel yourself moving faster!
You feel mighty!
You are feeling very hungry.
The red ugly thing stings you but does no damage.
You hit the red ugly thing.
The red ugly thing is heavily wounded.
The red ugly thing stings you.
* * * LOW HITPOINT WARNING * * *
You are engulfed in flames!!
* * * LOW HITPOINT WARNING * * *
You closely miss the red ugly thing. You headbutt the red ugly thing.
The red ugly thing is heavily wounded.
You closely miss the red ugly thing.
The red ugly thing is heavily wounded.
The red ugly thing closely misses you.
You slice the red ugly thing!!
The red ugly thing is almost dead.
The red ugly thing stings you!
* * * LOW HITPOINT WARNING * * *
You are engulfed in flames!
You die...

#.#.#.#..#####.............#.....
..#.#.#<.#####.............#.....
..#(#.#....................#.....
....#.#########'######'#####.....
.####.##...............##........
.#....##...............##)(......
.#....##.##...##.########(#######
.'....##.#######.#......).....###
.#....##.#.....+@#......).....#..
.#....##.##...##u#............#..
.#....##.##...##.#............#..
.#....##.........#............#..
.#....##.........#............'..
.#....##>........'.##########.#..
(###'###.........#.# #.#..
......÷#.........#.##########.#..
.)...#÷#.......###............'..


You could see a red ugly thing.

Vanquished Creatures
  Erica (D:11)
  The ghost of Azru the Basher, a novice OgAK of Lugonu (D:5)
  An ugly thing (D:11)
  A cyclops (D:11)
  2 centaur zombies (D:11)
  15 yaks
  A centaur simulacrum (D:11)
  Sigmund (D:3)
  2 hungry ghosts (D:8)
  Edmund (D:6)
  4 porcupines (D:9)
  A water moccasin (D:5)
  A phantom (D:6)
  3 sky beasts
  An ice beast (D:9)
  7 ogres
  3 centaurs
  3 crocodiles (D:9)
  Blork the orc (D:4)
  2 big kobolds
  10 giant frogs
  A water moccasin zombie (D:5)
  3 scorpions
  4 wights (D:9)
  8 crimson imps
  A giant frog zombie (D:6)
  A quasit (D:7)
  A jelly (D:8)
  Crazy Yiuf (D:4)
  5 hounds
  4 orc wizards
  A giant frog skeleton (D:9)
  3 orc priests
  Jessica (D:2)
  6 worker ants
  A hound zombie (D:5)
  Robin (D:3)
  8 adders
  2 shadow imps
  An adder zombie (D:5)
  2 adder skeletons
  3 worms
  3 dart slugs
  3 giant geckos
  12 orcs
  A giant cockroach (D:6)
  10 goblins
  5 hobgoblins
  6 jackals
  16 kobolds
  2 quokkas
  A ball python (D:1)
  6 bats
  5 giant newts
  A jackal skeleton (D:7)
  4 rats
195 creatures vanquished.

Vanquished Creatures (others)
  A quokka (D:6)
1 creature vanquished.

Grand Total: 196 creatures vanquished

Notes
Turn   | Place    | Note
-------+----------+-------------------------------------------
     0 | D:1      | Arkorax the Demonspawn Berserker began the quest for the Orb.
     0 | D:1      | Reached XP level 1. HP: 18/18 MP: 1/1
   355 | D:1      | Gained mutation: You regenerate a little health from kills. [demonic ancestry]
   355 | D:1      | Reached XP level 2. HP: 22/24 MP: 2/2
   403 | D:1      | Reached skill level 3 in Axes
   636 | D:2      | Noticed Jessica
   646 | D:2      | Killed Jessica
   646 | D:2      | Gained mutation: You are partially covered in molten scales. (AC +1) [demonic ancestry]
   646 | D:2      | Reached XP level 3. HP: 20/29 MP: 3/3
  1409 | D:3      | Reached XP level 4. HP: 9/37 MP: 4/4
  1909 | D:3      | Noticed Robin
  1917 | D:3      | Reached ** piety under Trog
  1922 | D:3      | Killed Robin
  2200 | D:3      | Noticed Sigmund
  2215 | D:3      | Killed Sigmund
  2215 | D:3      | Reached skill level 4 in Axes
  2215 | D:3      | Gained mutation: You regenerate health from kills. [demonic ancestry]
  2215 | D:3      | Reached XP level 5. HP: 10/42 MP: 5/5
  2681 | D:4      | Noticed an ogre
  2688 | D:4      | Killed an ogre
  2688 | D:4      | Gained mutation: You are slightly more attuned to the shadows. [demonic ancestry]
  2688 | D:4      | Reached XP level 6. HP: 49/49 MP: 6/6
  3253 | D:4      | Reached skill level 5 in Axes
  3456 | D:4      | Noticed Blork the orc
  3466 | D:4      | Killed Blork the orc
  3466 | D:4      | Gained mutation: You are significantly more attuned to the shadows. [demonic ancestry]
  3466 | D:4      | Reached XP level 7. HP: 55/55 MP: 7/7
  3643 | D:4      | Reached skill level 5 in Fighting
  3861 | D:4      | Found a runed door.
  3865 | D:4      | Noticed Crazy Yiuf
  3869 | D:4      | Killed Crazy Yiuf
  3987 | D:5      | Entered Level 5 of the Dungeon
  4012 | D:5      | Found a staircase to the Ecumenical Temple.
  4053 | D:5      | Noticed Azru's ghost (novice OgAK)
  4085 | D:5      | Killed Azru's ghost
  4085 | D:5      | Reached skill level 6 in Axes
  4085 | D:5      | Gained mutation: You regenerate a lot of health from kills. [demonic ancestry]
  4085 | D:5      | Reached XP level 8. HP: 19/64 MP: 8/8
  4143 | D:5      | Reached skill level 7 in Axes
  4143 | D:5      | Reached skill level 5 in Armour
  4330 | D:5      | Found a hazy altar of Hepliaklqana.
  4752 | D:5      | Found a sparkling altar of Nemelex Xobeh.
  5207 | D:6      | Found an opulent altar of Gozag.
  5221 | D:6      | Reached skill level 8 in Axes
  5311 | D:6      | Reached XP level 9. HP: 42/71 MP: 9/9
  5510 | D:6      | Noticed Edmund
  5523 | D:6      | Killed Edmund
  5590 | D:6      | Found a white marble altar of Elyvilon.
  6094 | D:7      | Found a burning altar of Makhleb.
  6197 | D:7      | Reached *** piety under Trog
  6220 | D:7      | Reached skill level 9 in Axes
  7072 | D:8      | Found a white marble altar of Elyvilon.
  7427 | D:9      | Reached XP level 10. HP: 80/80 MP: 10/10
  7565 | D:9      | Reached skill level 10 in Axes
  7612 | D:9      | Reached **** piety under Trog
  7664 | D:9      | Gained mutation: Your spells are a little harder to cast, but a little more powerful. [potion of beneficial mutation]
  7694 | D:9      | Found a staircase to the Lair.
  7879 | D:9      | You fall through a shaft for 2 floors!
  7879 | D:11     | Noticed a cyclops
  7885 | D:11     | Killed a cyclops
  7946 | D:11     | Reached skill level 11 in Axes
  8428 | D:11     | Noticed a purple ugly thing
  8446 | D:11     | Killed a purple ugly thing
  8446 | D:11     | Gained mutation: You have a pair of small horns on your head. [demonic ancestry]
  8446 | D:11     | Reached XP level 11. HP: 51/89 MP: 11/11
  8482 | D:11     | Noticed Erica
  8500 | D:11     | Killed Erica
  8787 | D:11     | Found a staircase to the Orcish Mines.
  9115 | D:11     | Noticed a red ugly thing
  9133 | D:11     | HP: 2/133 [red ugly thing (10)]
  9133 | D:11     | Mangled by a red ugly thing

Vault maps used:
D:1:      matt_arrival_grand_opening
D:2:      uniq_jessica
D:3:      uniq_sigmund, uniq_robin
D:4:      first_bread, uniq_blork_the_orc, uniq_crazy_yiuf_cottage
D:5:      nicolae_overflow_hidden_temple, nemelex_diamond_rough_becter
D:6:      nicolae_gozag_seed_capital, elyvilon_altar_4, uniq_edmund
D:7:      overflow_temple_1_default, grunt_ministairs_10
D:8:      lemuel_doored_altar, st_stairs_3
D:9:      minmay_lair_entry_grove, grunt_livestock
D:11:     orc_0_dummy, uniq_erica

Skill      XL: |  1  2  3  4  5  6  7  8  9 10 |
---------------+-------------------------------+-----
Armour         | 2 3 4 5 6 8 |  8.3
Axes           | 3 4 5 6 8 9 11 | 11.6
Fighting       | 4 5 6 8 9 |  9.5
Dodging        | |  1.7

Action                   |  1- 3 |  4- 6 |  7- 9 | 10-12 || total
-------------------------+-------+-------+-------+-------++-------
Melee: Hand axe          |   111 |    95 |   279 |       ||   485
       War axe           |       |       |   277 |     8 ||   285
       Battleaxe         |       |       |       |   246 ||   246
       Headbutt          |       |       |       |    17 ||    17
Invok: Berserk           |       |     4 |     3 |     3 ||    10
       Trog's Hand       |       |     1 |     2 |     4 ||     7
       Burn Spellbooks   |       |       |     1 |     1 ||     2
  Use: Potion            |       |       |     1 |     1 ||     2
       Scroll            |       |       |       |    14 ||    14
 Stab: Sleeping          |       |     4 |       |       ||     4
       Distracted        |       |       |     1 |       ||     1
  Eat: Chunk             |       |     6 |     2 |     4 ||    12
       Bread ration      |       |     2 |     2 |       ||     4
       Meat ration       |       |       |     3 |       ||     3
       Beef jerky        |       |       |     1 |     2 ||     3
Armor: Animal skin       |    29 |    16 |       |       ||    45
       Chain mail        |       |     2 |    92 |       ||    94
       Plate armour      |       |       |   325 |   153 ||   478
Dodge: Dodged            |   105 |    54 |   203 |    83 ||   445
